 Dungeon Crawl Stone Soup version 0.30-a0-272-gf98c3da03f (webtiles) character file.

Game seed: 6827057394526826917

56 billz999 the Sneak (level 3, -4/24 HPs)
             Began as a Vampire Earth Elementalist on Oct 15, 2022.
             Slain by a gnoll
             ... wielding a +0 halberd
              (16 damage)
             ... on level 3 of the Dungeon.
             The game lasted 00:02:10 (1545 turns).

billz999 the Sneak (Vampire Earth Elementalist)     Turns: 1545, Time: 00:02:12

Health: -4/24      AC:  5    Str:  7    XL:     3   Next: 69%
Magic:  2/6        EV:  6    Int: 22    God:
Gold:   125        SH:  0    Dex: 16    Spells: 5/6 levels left

rFire   . . .      SeeInvis +    c - +0 dagger
rCold   . . .      Faith    .    (no shield)
rNeg    . . .      Spirit   .    s - +2 robe of the Goldsmith {Harm Drain Int+3 Dex+2}
rPois   .          Reflect  .    (no helmet)
rElec   .          Harm     +    l - +0 cloak
rCorr   .          Rampage  .    (no gloves)
Will    .....                    (no boots)
Stlth   +++.......               (no amulet)
HPRegen 0.44/turn                (no ring)
MPRegen 0.10/turn                (no ring)

@: held, healing quickly
A: alive, fangs 3, see invisible, vampiric 2
a: Exsanguinate


You were on level 3 of the Dungeon.
You visited 1 branch of the dungeon, and saw 3 of its levels.

You collected 125 gold pieces.

Inventory:

Hand Weapons
 c - a +0 dagger (weapon)
Armour
 a - a +0 robe
 d - an orb of mayhem
 l - a +0 cloak (worn)
 s - the +2 robe of the Goldsmith (worn) {Harm Drain Int+3 Dex+2}
   (You found it on level 3 of the Dungeon)

   Int:       It affects your intelligence (+3).
   Dex:       It affects your dexterity (+2).
   Drain:     It drains your maximum health when unequipped.
   Harm:      It increases damage dealt and taken.
Jewellery
 n - an amulet of faith
Scrolls
 f - 3 scrolls of fog {unknown}
 g - a scroll of summoning {unknown}
 h - 2 scrolls of immolation {unknown}
 k - 4 scrolls of identify {unknown}
 m - a scroll of noise {unknown}
 p - 2 scrolls of amnesia {unknown}
 q - a scroll of fear {unknown}
 r - a scroll of blinking {unknown}
 t - a scroll of teleportation {unknown}
 u - a scroll of enchant weapon {unknown}
 v - a scroll of enchant armour {unknown}
Potions
 b - a potion of magic
 e - a potion of invisibility {unknown}
 i - a potion of ambrosia {unknown}
 j - 3 potions of curing {unknown}
 o - a potion of might {unknown}
 w - a potion of lignification {unknown}


   Skills:
 - Level 2.2 Dodging
 + Level 6.3 Stealth
 - Level 2.0 Spellcasting
 - Level 1.1 Transmutations
 - Level 3.0 Earth Magic


You had 5 spell levels left.
You knew the following spells:

 Your Spells              Type           Power      Damage    Failure   Level
a - Sandblast             Erth           30%        2d9       4%          1

Your spell library contained the following spells:

 Spells                   Type           Power      Damage    Failure   Level
 Passwall                 Tmut/Erth      9%         N/A       9%          2
 Ensorcelled Hibernation  Hex/Ice        4%         N/A       21%         2
 Stone Arrow              Conj/Erth      16%        3d8       22%         3
 Spider Form              Tmut/Pois      4%         N/A       32%         3
 Portal Projectile        Hex/Tloc       4%         N/A       38%         3
 Tukima's Dance           Hex            2%         N/A       38%         3
 Petrify                  Tmut/Erth      11%        N/A       50%         4
 Anguish                  Hex/Necr       1%         N/A       80%         4
 Blade Hands              Tmut           3%         N/A       94%         5


Dungeon Overview and Level Annotations

Branches:
Dungeon (3/15)

Altars:


Innate Abilities, Weirdness & Mutations

Your natural rate of healing is accelerated.
You have razor-sharp teeth.
You have supernaturally acute eyesight. (SInv)
You are afflicted with vampirism and can become a bat while bloodless.


Message History

The gnoll is moderately wounded.
The gnoll shouts!
You hear a shout!
A gnoll comes into view. It is wielding a +0 club.
A gnoll comes into view. It is wielding a +0 halberd.
Casting: Sandblast (safe; 4% risk of failure)
Confirm with . or Enter, or press ? or * to list all spells.
Aiming: Sandblast (safe; 4% risk of failure)
Press: ? - help, Shift-Dir - straight line, f/p - gnoll
Aim: a gnoll, wielding a +0 whip and quivering a throwing net (moderately wounded, 84% to hit)
The blast of sand misses the gnoll.
The gnoll attacks as you move away! The gnoll barely misses you.
The gnoll throws a throwing net.
The throwing net hits you.
You become entangled in the net!
You see here a throwing net.
Casting: Sandblast (safe; 4% risk of failure)
Confirm with . or Enter, or press ? or * to list all spells.
Aiming: Sandblast (safe; 4% risk of failure)
Press: ? - help, Shift-Dir - straight line, f/p - gnoll
Aim: a gnoll, wielding a +0 whip (moderately wounded, 84% to hit)
The blast of sand hits the gnoll!
You kill the gnoll!
Unknown command.
Casting: Sandblast (safe; 4% risk of failure)
Confirm with . or Enter, or press ? or * to list all spells.
Aiming: Sandblast (safe; 4% risk of failure)
Press: ? - help, Shift-Dir - straight line, f - gnoll
Aim: a gnoll, wielding a +0 halberd (84% to hit)
The blast of sand hits the gnoll!
The gnoll is severely wounded.
The gnoll hits you from afar with a +0 halberd!
Ouch! That really hurt!
Casting: Sandblast (safe; 4% risk of failure)
Confirm with . or Enter, or press ? or * to list all spells.
Aiming: Sandblast (safe; 4% risk of failure)
Press: ? - help, Shift-Dir - straight line, f/p - gnoll
Aim: a gnoll, wielding a +0 halberd (severely wounded, 84% to hit)
The blast of sand misses the gnoll.
The gnoll barely misses you.
The gnoll hits you from afar with a +0 halberd!
Ouch! That really hurt!
You die...

#.#..†#..#
#.#..##..#
#........# .
########.##### ...
#..... #.#
....$####.# #.##.#
...g.g.gg.# #..#.#
.....####.###..#.#
... #.@....#.# .
#.#......#
#.####.###
#.####.# #......#
########


You could see 2 gnolls.

Vanquished Creatures
  A gnoll (D:3)
  An adder (D:3)
  2 worms (D:2)
  2 orcs
  A ball python (D:1)
  2 endoplasms
  A giant cockroach (D:3)
  3 goblins
  2 hobgoblins (D:2)
  6 jackals
  A quokka (D:3)
  A bat (D:2)
  2 frilled lizards (D:3)
  A kobold (D:2)
  A rat (D:2)
27 creatures vanquished.

Notes
Turn   | Place    | Note
-------+----------+-------------------------------------------
     0 | D:1      | billz999 the Vampire Earth Elementalist began the quest for
                  | the Orb.
     0 | D:1      | Reached XP level 1. HP: 13/13 MP: 3/3
   131 | D:1      | Reached skill level 4 in Stealth
   563 | D:2      | Reached XP level 2. HP: 19/19 MP: 3/5
  1003 | D:2      | Reached skill level 5 in Stealth
  1166 | D:3      | Gained mutation: You are afflicted with vampirism and can
                  | become a bat while bloodless. [Vampire growth]
  1166 | D:3      | Reached XP level 3. HP: 24/24 MP: 2/6
  1282 | D:3      | Identified the +2 robe of the Goldsmith {Harm Drain Int+3
                  | Dex+2}
  1387 | D:3      | Reached skill level 6 in Stealth
  1545 | D:3      | Slain by a gnoll

Illustrated notes

Levels and vault maps discovered:
D:1:      minmay_arrival_up_and_down, layout_rooms
D:2:      layout_basic
D:3:      layout_loops_cross, mainiacjoe_overflow_divided_tiny

Skill      XL: |  1  2  3 |
---------------+----------+-----
Stealth        | 4 5 6 |  6.3
Dodging        | |  2.2
Spellcasting   | |  2.0
Transmutations | |  1.1
Earth Magic    | |  3.0

Action                   || total
-------------------------++-------
Melee: Dagger            ||    10
       Bite              ||     1
 Cast: Sandblast         ||    36
 Stab: Sleeping          ||     2
Armor: Robe              ||     2
Dodge: Dodged            ||     8

Table legend: (Time is in decaauts)
 A = Elapsed time spent in this place.
 B = Non-inter-level travel time spent in this place.
 C = Inter-level travel time spent in this place.
 D = Time resting spent in this place.
 E = Time spent auto-exploring this place.
 F = Levels seen in this place.
 G = Mean time per level.
                   A        B        C        D        E       F      G
               +--------+--------+--------+--------+--------+-----+--------+
         Total |   1561 |   1431 |    130 |     52 |   1190 |   3 |  520.3 |
       Dungeon |   1561 |   1431 |    130 |     52 |   1190 |   3 |  520.3 |
               +--------+--------+--------+--------+--------+-----+--------+

Top non-repeatable levels by time:
     D:2: 814 daAuts
     D:1: 457 daAuts
     D:3: 289 daAuts
